 Dungeon Sprint DCSS version 0.27-a0-103-g6cd7b45605 (webtiles) character file.

Game seed: 15951158449913926747

39199 mhtbhm the Bludgeoner (level 14, -6/131 HPs)
             Began as a Human Fighter on Jan 24, 2021.
             Was an Initiate of Gozag.
             Mangled by a stone giant (37 damage)
             ... in the Dungeon (Sprint IX: "|||||||||||||||||||||||||||||").
             The game lasted 00:11:20 (7980 turns).

mhtbhm the Bludgeoner (Human Fighter)               Turns: 7980, Time: 00:11:21

Health: -6/131     AC: 30    Str: 19    XL:     14   Next: 38%
Magic:  14/14      EV: 10    Int: 10    God:    Gozag
Gold:   8113       SH: 11    Dex: 12    Spells: 13/13 levels left

rFire    + + .     SeeInvis .   a - +2 morningstar (vorpal)
rCold    . . .     Faith    .   c - +3 warlock's mirror {reflect}
rNeg     + + .     Spirit   .   b - +6 plate armour "Sapomoga" {rF+ rC- rN+ Regen+}
rPois    +         Reflect  +   i - +0 helmet of Card Tricks {rElec rF+ rN+ Str-2}
rElec    +         Harm     .   y - +2 cloak
rCorr    .         Rampage  .   n - +0 pair of gloves
Will     +....     NoTele   +   (no boots)
Stlth    ..........             (no amulet)
HPRegen  0.71/turn              B - ring of poison resistance
MPRegen  0.14/turn              A - ring of protection from cold

@: gold aura
A: no striking features
a: Renounce Religion, Potion Petition, Call Merchant, Bribe Branch


You were in the Dungeon.
You worshipped Gozag.
Gozag was greatly pleased with you.
You visited 1 branch You collected 12037 gold pieces.
You spent 3076 gold pieces at shops.
You paid 848 gold pieces to Gozag.

Inventory:

Hand Weapons
 a - a +2 vorpal morningstar (weapon)
Armour
 b - the +6 plate armour "Sapomoga" (worn) {rF+ rC- rN+ Regen+}
   (You bought it in a shop in the Dungeon)

   It protects you from fire.
   It makes you vulnerable to cold.
   It protects you from negative energy.
   It increases your rate of regeneration.
 c - the +3 warlock's mirror (worn) {reflect}
   (You bought it in a shop in the Dungeon)
 i - the +0 helmet of Card Tricks (worn) {rElec rF+ rN+ Str-2}
   (You bought it in a shop in the Dungeon)

   It affects your strength (-2).
   It protects you from fire.
   It insulates you from electricity.
   It protects you from negative energy.
 n - a +0 pair of gloves (worn)
 y - a +2 cloak (worn)
Jewellery
 o - a +2 ring of protection
 v - an uncursed ring of willpower
 A - a ring of protection from cold (right hand)
 B - a ring of poison resistance (left hand)
Wands
 m - a wand of iceblast (3)
Scrolls
 j - 3 scrolls of blinking
 k - 4 scrolls of remove curse
 l - 2 scrolls of amnesia
 s - 3 scrolls of enchant weapon
 t - 4 scrolls of enchant armour
 u - 7 scrolls of identify
 x - a scroll of fog
Potions
 d - a potion of might
 e - 6 potions of curing
 f - 5 potions of heal wounds
 g - 3 potions of haste
 h - 4 potions of magic
 q - a potion of resistance
 r - a potion of mutation


   Skills:
 + Level 18.4 Fighting
 + Level 19.7 Maces & Flails
 + Level 16.5 Armour
 + Level 8.0 Dodging
 - Level 6.9 Stealth
 + Level 15.5 Shields
 + Level 2.3 Evocations


You had 13 spell levels left.
You didn't know any spells.
Your spell library was empty.

Dungeon Overview and Level Annotations

Branches:
Dungeon (1/1)

Altars:
Cheibriados
Dithmenos
Elyvilon
Fedhas
Gozag
Hepliaklqana
Kikubaaqudgha
Makhleb
Nemelex Xobeh
Okawaru
Qazlal
Ru
Sif Muna
Trog
Uskayaw
Vehumet
Wu Jian
Xom
Yredelemnul
Zin
The Shining One
Beogh
Jiyva
Lugonu

Shops:
D [(?[[


Message History

Unknown command.
Evoke which item? (* to show all) (? for menu, Esc to quit)
Aiming: Iceblast
Press: ? - help, Shift-Dir - straight line, f/p - stone giant
Aim: a stone giant, quivering 2 large rocks (severely wounded, berserk)
The mass of ice explodes!
The iceblast engulfs the stone giant!
The stone giant is almost dead.
Unknown command.
Unknown command.
You sock the stone giant!
The stone giant is almost dead.
The fire giant becomes distracted by the nearby gold, dreaming of imaginary riches.
The stone giant hits you!!
* * * LOW HITPOINT WARNING * * *
You puncture the stone giant!
The stone giant is almost dead.
The moth of wrath seems to regain its courage.
The stone giant hits you!!!
You die...
Your body crumbles into a pile of gold.

▓▓▓▓▓▓▓▓▓▓▓▓▓▓▓▓▓▓
.▓...▓..(▓...▓...▓
.▓)▓.▓.▓)▓.▓.▓.▓.▓
.▓.▓.▓.▓.▓.▓.▓.▓.▓
.▓.▓.▓.▓.▓.▓.▓.▓.▓
)▓.▓)▓.▓.▓.▓.▓.▓.▓
.▓.▓.▓.▓.▓.▓.▓.▓.▓
.▓.▓.▓.▓(▓.▓.▓.▓@▓
'▓.▓.▓.▓.▓∩▓.▓.▓C▓
.▓.▓.▓.▓.▓.▓.▓.▓.▓
.▓.▓.▓.▓'▓.▓.▓.▓.▓
.▓.▓.▓(▓.▓(▓.▓.▓.▓
.▓.▓.▓.▓)▓.▓.▓.▓.▓
.▓.▓.▓(▓.▓(▓.▓.▓C▓
.▓.▓)▓.▓.▓.▓.▓.▓y▓
(▓.▓)▓.▓.▓.▓.▓.▓.▓


You could see a fire giant, a stone giant (berserk) and a moth of wrath shaped
shifter.

Vanquished Creatures
  A fire giant (D)
  A ghost moth (D)
  3 stone giants (D)
  Nessos (D)
  An entropy weaver (D)
  A bunyip (D)
  2 ettins (D)
  An eleionoma (D)
  A fire dragon (D)
  A merfolk impaler (D)
  A hydra (D)
  A merfolk avatar (D)
  A catoblepas (D)
  A naga warrior (D)
  An anaconda (D)
  An ogre mage (D)
  An alligator (D)
  2 deep troll shamans (D)
  A deep troll earth mage (D)
  A satyr (D)
  2 shock serpents (D)
  A goliath frog (D)
  2 sea snakes (D)
  A naga ritualist (D)
  A lindwurm (D)
  A mana viper (D)
  An orb spider (D)
  9 orc knights (D)
  A wolf spider (D)
  A manticore (D)
  An orc sorcerer (D)
  A moth of wrath (D)
  3 black mambas (D)
  A torpor snail (D)
  A water nymph (D)
  A gargoyle (D)
  A rime drake (D)
  2 komodo dragons (D)
  6 cane toads (D)
  A demonic crawler (D)
  An efreet (D)
  A jumping spider (D)
  A merfolk (D)
  6 tyrant leeches (D)
  A slime creature (D)
  A wyvern (D)
  A yak (D)
  A redback (D)
  2 basilisks (D)
  Eustachio (D)
  A vampire mosquito (D)
  18 orc warriors (D)
  2 black bears (D)
  A phantom (D)
  An ogre (D)
  6 bullfrogs (D)
  A wight (D)
  5 orc priests (D)
  An orc wizard (D)
  A gnoll shaman (D)
  2 worker ants (D)
  A white imp (D)
  4 worms (D)
  A dart slug (D)
  10 orcs (D)
  A bat zombie (D)
  A giant cockroach (D)
  A hobgoblin (D)
  2 kobolds (D)
  A leopard gecko zombie (D)
139 creatures vanquished.

Vanquished Creatures (others)
  A wraith (D)
1 creature vanquished.

Grand Total: 140 creatures vanquished

Notes
Turn   | Place    | Note
-------+----------+-------------------------------------------
     0 | D        | mhtbhm the Human Fighter began the quest for the Orb.
     0 | D        | Reached XP level 1. HP: 18/18 MP: 1/1
    15 | D        | Reached XP level 2. HP: 24/24 MP: 2/2
    21 | D        | Noticed an ogre
    34 | D        | Reached skill level 3 in Maces & Flails
    34 | D        | Reached XP level 3. HP: 31/31 MP: 3/3
    38 | D        | Killed an ogre
    39 | D        | Reached skill level 5 in Fighting
    39 | D        | Reached skill level 5 in Maces & Flails
    39 | D        | Reached skill level 5 in Armour
    39 | D        | Reached skill level 5 in Shields
    39 | D        | Reached XP level 4. HP: 18/40 MP: 4/4
    39 | D        | Reached XP level 5. HP: 21/46 MP: 5/5
    83 | D        | Found a roughly hewn altar of Beogh.
    83 | D        | Found a snail-covered altar of Cheibriados.
    83 | D        | Found a shadowy altar of Dithmenos.
    83 | D        | Found a white marble altar of Elyvilon.
    83 | D        | Found a blossoming altar of Fedhas.
    83 | D        | Found an opulent altar of Gozag.
    84 | D        | Found a hazy altar of Hepliaklqana.
    85 | D        | Found a viscous altar of Jiyva.
    86 | D        | Found an ancient bone altar of Kikubaaqudgha.
    87 | D        | Found a corrupted altar of Lugonu.
    88 | D        | Found a burning altar of Makhleb.
    89 | D        | Found a sparkling altar of Nemelex Xobeh.
    90 | D        | Found an iron altar of Okawaru.
    91 | D        | Found a stormy altar of Qazlal.
    92 | D        | Found a sacrificial altar of Ru.
    95 | D        | Became a worshipper of Gozag Ym Sagoz the Greedy
    98 | D        | Found a shimmering blue altar of Sif Muna.
    99 | D        | Found a bloodstained altar of Trog.
   100 | D        | Found a hide-covered altar of Uskayaw.
   101 | D        | Found a radiant altar of Vehumet.
   102 | D        | Found an ornate altar of the Wu Jian Council.
   103 | D        | Found a shimmering altar of Xom.
   104 | D        | Found a basalt altar of Yredelemnul.
   105 | D        | Found a glowing silver altar of Zin.
   106 | D        | Found a glowing golden altar of the Shining One.
   244 | D        | Noticed an orc warrior
   244 | D        | Noticed a bullfrog
   244 | D        | Noticed a black bear
   263 | D        | Killed an orc warrior
   264 | D        | Reached skill level 6 in Maces & Flails
   264 | D        | Reached XP level 6. HP: 29/55 MP: 6/6
   268 | D        | Reached skill level 7 in Maces & Flails
   272 | D        | Killed a black bear
   273 | D        | Reached skill level 8 in Maces & Flails
   273 | D        | Reached XP level 7. HP: 27/61 MP: 7/7
   448 | D        | Noticed a gargoyle
   448 | D        | Noticed a yak
   453 | D        | Killed a gargoyle
   454 | D        | Reached skill level 9 in Maces & Flails
   454 | D        | Reached XP level 8. HP: 63/69 MP: 8/8
   459 | D        | Reached skill level 10 in Maces & Flails
   485 | D        | Killed a yak
   696 | D        | Noticed a cane toad
   696 | D        | Noticed a cane toad
   696 | D        | Noticed a cane toad
   696 | D        | Noticed a cane toad
   699 | D        | Noticed a komodo dragon
   700 | D        | Killed a cane toad
   701 | D        | Reached skill level 11 in Maces & Flails
   701 | D        | Reached skill level 1 in Dodging
   701 | D        | Reached skill level 1 in Stealth
   704 | D        | Killed a cane toad
   705 | D        | Reached XP level 9. HP: 67/77 MP: 9/9
   708 | D        | Killed a cane toad
   709 | D        | Reached skill level 12 in Maces & Flails
   724 | D        | Killed a cane toad
   725 | D        | Reached skill level 10 in Fighting
  1046 | D        | Killed a komodo dragon
  1047 | D        | Reached skill level 13 in Maces & Flails
  1047 | D        | Reached skill level 10 in Armour
  1110 | D        | Noticed a rime drake
  1110 | D        | Noticed a komodo dragon
  1112 | D        | Noticed a cane toad
  1130 | D        | Reached XP level 10. HP: 81/86 MP: 10/10
  1138 | D        | Noticed a cane toad
  1156 | D        | Reached skill level 10 in Shields
  1342 | D        | Killed a rime drake
  1358 | D        | Killed a komodo dragon
  1359 | D        | Reached skill level 14 in Maces & Flails
  1365 | D        | Killed a cane toad
  1371 | D        | Killed a cane toad
  1984 | D        | Noticed a lindwurm
  1992 | D        | Killed a lindwurm
  1993 | D        | Reached XP level 11. HP: 41/95 MP: 11/11
  2230 | D        | Noticed Eustachio
  2235 | D        | Killed Eustachio
  2338 | D        | Reached skill level 15 in Maces & Flails
  2546 | D        | Noticed an orc sorcerer
  2546 | D        | Noticed an orc knight
  2552 | D        | Killed an orc sorcerer
  2568 | D        | Killed an orc knight
  2788 | D        | Found Fulax's Antique Armour Emporium.
  2788 | D        | Noticed an orc knight
  2788 | D        | Noticed an orc knight
  2788 | D        | Noticed an orc knight
  2788 | D        | Noticed an orc knight
  2788 | D        | Noticed an orc knight
  2800 | D        | Killed an orc knight
  2981 | D        | Killed an orc knight
  2982 | D        | Reached skill level 16 in Maces & Flails
  3260 | D        | Killed an orc knight
  3336 | D        | Killed an orc knight
  3388 | D        | Killed an orc knight
  3412 | D        | Found Soroiggi's Weapon Shoppe.
  3416 | D        | Found Kywempy's Magic Scroll Emporium.
  3420 | D        | Found Otyvila's Armour Shoppe.
  3422 | D        | Noticed an orc knight
  3423 | D        | Noticed an orc knight
  3446 | D        | Killed an orc knight
  3468 | D        | Killed an orc knight
  3469 | D        | Reached XP level 12. HP: 46/105 MP: 12/12
  3807 | D        | Bought the +3 warlock's mirror {reflect} for 1080 gold
                  | pieces
  3807 | D        | Found the +3 warlock's mirror {reflect}
  3818 | D        | Bought a dazzling helmet for 256 gold pieces
  3823 | D        | Identified the +0 helmet of Card Tricks {rElec rF+ rN+
                  | Str-2} (You bought it in a shop in the Dungeon)
  3827 | D        | Bought a scroll of enchant weapon for 105 gold pieces
  3827 | D        | Bought a scroll of enchant armour for 105 gold pieces
  3827 | D        | Bought a scroll of fear for 49 gold pieces
  3827 | D        | Bought a scroll of identify for 28 gold pieces
  3827 | D        | Bought a scroll of enchant armour for 105 gold pieces
  3827 | D        | Bought a scroll of fog for 28 gold pieces
  3829 | D        | Bought a +2 cloak for 181 gold pieces
  3846 | D        | Bought a scroll of identify for 28 gold pieces
  3846 | D        | Bought a scroll of identify for 28 gold pieces
  3846 | D        | Bought a scroll of identify for 28 gold pieces
  3846 | D        | Bought a scroll of identify for 28 gold pieces
  4149 | D        | Noticed an ogre mage
  4149 | D        | Noticed a catoblepas
  4154 | D        | Killed an ogre mage
  4155 | D        | Reached skill level 17 in Maces & Flails
  4165 | D        | Noticed a stone giant
  4582 | D        | Killed a catoblepas
  4605 | D        | Killed a stone giant
  4606 | D        | Reached skill level 5 in Stealth
  4674 | D        | Noticed a fire giant
  4817 | D        | Noticed a stone giant
  4824 | D        | Noticed a stone giant
  4826 | D        | Killed a fire giant
  4827 | D        | Reached skill level 5 in Dodging
  4827 | D        | Noticed an ettin
  4828 | D        | Noticed a deep troll shaman
  4834 | D        | Noticed an ettin
  4837 | D        | Killed a stone giant
  5032 | D        | Killed an ettin
  5033 | D        | Reached skill level 15 in Fighting
  5316 | D        | Killed a stone giant
  5317 | D        | Reached skill level 18 in Maces & Flails
  5536 | D        | Killed a deep troll shaman
  5537 | D        | Reached XP level 13. HP: 77/116 MP: 13/13
  5761 | D        | Killed an ettin
  6195 | D        | Noticed Nessos
  6216 | D        | Killed Nessos
  6492 | D        | Bought the +6 plate armour "Sapomoga" {rF+ rC- rN+ Regen+}
                  | for 1027 gold pieces
  6639 | D        | Noticed an entropy weaver
  6942 | D        | Killed a ghost moth
  7174 | D        | Killed an entropy weaver
  7175 | D        | Reached skill level 1 in Evocations
  7327 | D        | Noticed an anaconda
  7327 | D        | Noticed a naga warrior
  7336 | D        | Killed an anaconda
  7343 | D        | Reached skill level 15 in Armour
  7359 | D        | Killed a naga warrior
  7544 | D        | Noticed a merfolk avatar
  7550 | D        | Reached skill level 19 in Maces & Flails
  7567 | D        | Noticed a merfolk impaler
  7589 | D        | Killed a merfolk avatar
  7590 | D        | Reached XP level 14. HP: 115/128 MP: 14/14
  7608 | D        | Reached skill level 15 in Shields
  7700 | D        | Noticed a bunyip
  7836 | D        | Killed a bunyip
  7942 | D        | Noticed a stone giant
  7942 | D        | Noticed a fire giant
  7948 | D        | Noticed a spark wasp
  7957 | D        | Noticed a fire giant
  7969 | D        | Noticed a frost giant
  7980 | D        | Mangled by a stone giant

Illustrated notes

Levels and vault maps discovered:
D:        linesprint [early_d, line_temple, items_1, d_10, items_2, lair_1,
          lair_end, items_3, orc_1, orc_end, items_4, d_15, swamp_1, shoals_1,
          snake_1, spider_1, d_20, vaults_1, items_5, swamp_end, shoals_end,
          snake_end, spider_end, vaults_end, d_27, items_6, zot_1, zot_end,
          crypt_end, forest_end, elf_end, slime_end, tomb_end, abyss_end,
          pan_hell_end]

Skill      XL: |  1  2  3  4  5  6  7  8  9 10 11 12 13 14 |
---------------+-------------------------------------------+-----
Shields        | 4 5 7 8 9 10 12 13 14 15 | 15.5
Fighting       | 4 5 7 8 9 10 11 13 15 17 18 | 18.4
Maces & Flails | 3 5 6 8 9 11 13 14 16 18 19 | 19.7
Armour         | 4 5 6 7 8 9 10 11 13 15 16 | 16.5
Dodging        | 1 2 3 6 7 8 |  8.0
Stealth        | 1 2 3 4 6 |  6.9
Evocations     | 1 2 |  2.3

Action                   |  1- 3 |  4- 6 |  7- 9 | 10-12 | 13-15 || total
-------------------------+-------+-------+-------+-------+-------++-------
Melee: Flail             |    26 |     3 |       |       |       ||    29
       Morningstar       |       |    28 |    98 |   417 |   318 ||   861
Invok: Potion Petition   |       |       |       |       |     1 ||     1
       Call Merchant     |       |       |       |       |     1 ||     1
Evoke: Wand              |       |       |       |     1 |     6 ||     7
  Use: Potion            |     1 |       |     3 |     3 |     2 ||     9
       Scroll            |       |       |       |     2 |     3 ||     5
 Stab: Distracted        |       |       |     1 |     4 |     2 ||     7
       Invisible         |       |       |       |     3 |       ||     3
       Sleeping          |       |       |       |       |     1 ||     1
Armor: Scale mail        |     9 |       |       |       |       ||     9
       Chain mail        |       |    12 |    28 |    48 |       ||    88
       Ring mail         |       |       |       |    28 |     5 ||    33
       Plate armour      |       |       |       |       |   143 ||   143
Dodge: Dodged            |     6 |     5 |     9 |    44 |    79 ||   143
Block: Kite shield       |     4 |    19 |    37 |    98 |       ||   158
       Buckler           |       |       |       |    24 |   120 ||   144
       Reflection        |       |       |       |     3 |     7 ||    10

Table legend: (Time is in decaauts)
 A = Elapsed time spent in this place.
 B = Non-inter-level travel time spent in this place.
 C = Inter-level travel time spent in this place.
 D = Time resting spent in this place.
 E = Time spent auto-exploring this place.
 F = Levels seen in this place.
 G = Mean time per level.
                   A        B        C        D        E       F      G
               +--------+--------+--------+--------+--------+-----+--------+
         Total |   7800 |   7800 |      0 |   4467 |   1102 |   1 | 7800.0 |
       Dungeon |   7800 |   7800 |      0 |   4467 |   1102 |   1 | 7800.0 |
               +--------+--------+--------+--------+--------+-----+--------+

Top non-repeatable levels by time:
       D: 7800 daAuts
